AoeStats
← Tarklow

Arabia

510389995Analyzed
2v2 RM · 18h ago on Sep 30, 2026· 63m 13s· 4 players
Game mode
Random Map
Map size
Medium (4 player)
Population
200
Speed
Normal
Resources
Standard
Victory
Conquest
Starting age
Dark Age
Ending age
Imperial Age
RankedLock teamsTeams togetherTeam positionsShared explorationLock speedFull tech treeHidden civsTurbo modeCheats
Victory
Defeat
🇬🇧 Bengalis · United Kingdom
817
+16
🇬🇧 Magyars · United Kingdom
794
+16
🇺🇸 Ethiopians · United States
839
-17
🇸🇰 Saxons · Slovakia
774
-15
Dwight Schrute
7:26 Loom
10:46 Feudal Age
16:29 Castle Age
35:43 Padded Archer Armor
35:37 Fletching
42:02 Padded Archer Armor
46:02 Padded Archer Armor
45:58 Bodkin Arrow
46:12 Paiks
47:56 Horse Collar
48:12 Double-Bit Axe
49:13 Leather Archer Armor
55:03 Imperial Age
56:47 Bracer
57:18 Ring Archer Armor
59:21 Ballistics
60:03 Chemistry
59:24 Elite Ratha (Ranged)
HeySon22
9:28 Loom
11:15 Feudal Age
15:37 Horse Collar
22:26 Double-Bit Axe
26:28 Castle Age
37:18 Bloodlines
40:26 Scale Barding Armor
47:45 Gold Mining
61:33 Imperial Age
61:42 Capped Ram
62:22 Heavy Scorpion
DopeyCrown67
11:15 Feudal Age
16:17 Castle Age
16:25 Fletching
18:03 Bodkin Arrow
18:23 Loom
28:19 Scale Mail Armor
28:30 Forging
31:03 Arson
31:19 Squires
34:48 Wheelbarrow
Tarklow
6:50 Loom
10:57 Feudal Age
12:25 Double-Bit Axe
12:37 Town Watch
16:37 Fletching
18:41 Wheelbarrow
18:20 Stone Mining
18:22 Gold Mining
27:45 Castle Age
26:58 Arson
29:41 Bow Saw
30:46 Fortified Wall
30:58 Ballistics
32:26 Squires
32:40 Bloodlines
33:02 Horse Collar
34:05 Guard Tower
34:28 Murder Holes
34:30 Treadmill Crane
36:28 Masonry
36:47 Husbandry
37:56 Gold Shaft Mining
37:26 Town Patrol
38:33 Heavy Plow
41:22 Bodkin Arrow
41:34 Scale Mail Armor
46:57 Pikeman
53:02 Imperial Age
53:47 Bracer
Connection lost

Rejoining the realm…

Still unreachable

The connection could not be restored.

Session expired

The server has moved on; the page needs a fresh start.